 Dungeon Crawl Stone Soup version 0.31.0-11-ge490571c62 (webtiles) character file.

Game seed: 10057449207303424530

30 Maffolandro the Gusty (level 3, 24/24 HPs)
             Began as a Human Wanderer on Feb 1, 2024.
             Got out of the dungeon alive.
             The game lasted 00:06:42 (1941 turns).

Maffolandro the Gusty (Human Wanderer)              Turns: 1941, Time: 00:06:43

Health: 24/24      AC:  2    Str:  8    XL:     3   Next: 20%
Magic:  4/4        EV: 11    Int: 16    God:
Gold:   109        SH:  0    Dex: 14    Spells: 1/4 levels left

rFire   + . .        a - +0 dagger
rCold   . . .        (no shield)
rNeg    . . .        d - +0 robe {rF+}
rPois   .            (no helmet)
rElec   .            (no cloak)
rCorr   .            (no gloves)
SInv    .            (no boots)
Will    .....        (no amulet)
Stlth   ++           (no ring)
HPRegen 0.24/turn    (no ring)
MPRegen 0.09/turn

%: no passive effects
@: no status effects
A: explore regen
a: no special abilities


You escaped.
You visited 1 branch of the dungeon, and saw 2 of its levels.

You collected 151 gold pieces.
You spent 42 gold pieces at shops.

Inventory:

Hand Weapons
 a - a +0 dagger (weapon)
 p - a +0 flail
Armour
 b - a +0 buckler
 d - a +0 robe of fire resistance (worn)
Jewellery
 r - an amulet of reflection
Talismans
 l - a serpent talisman
Wands
 o - a wand of flame (12)
Scrolls
 c - a scroll of blinking
 h - 2 scrolls of identify {unknown}
 i - a scroll of enchant weapon {unknown}
 j - 2 scrolls of teleportation
 k - a scroll of noise {unknown}
 m - a scroll of torment {unknown}
 q - a scroll of immolation {unknown}
Potions
 e - 2 potions of mutation
 f - 2 potions of attraction {unknown}
 g - a potion of resistance {unknown}
 n - a potion of curing {unknown}


   Skills:
 - Level 1.0 Armour
 - Level 1.0 Stealth
 - Level 2.0 Shields
 - Level 1.0 Spellcasting
 * Level 2.7 Conjurations
 - Level 5.0 Air Magic


You had one spell level left.
You knew the following spells:

 Your Spells              Type           Power      Damage    Failure   Level
a - Shock                 Conj/Air       52%        1d6       4%          1
b - Static Discharge      Conj/Air       26%        3-5/arc   7%          2

Your spell library contained the following spells:

 Spells                   Type           Power      Damage    Failure   Level
 Cigotuvi's Dreadful Rot  Necr/Alch/Air  12%        N/A       19%         2


Dungeon Overview and Level Annotations

Branches:
Dungeon (2/15)

Altars:

Shops:
D:1 =[?!

Annotations:
D:1 1 runed translucent door


Innate Abilities, Weirdness & Mutations

You regain HP and MP as you explore.


Message History

j - 2 scrolls of teleportation (gained 1)
q - a scroll labelled TUOPYOHONU
Found a stone staircase leading up.
You now have 74 gold pieces (gained 17).
There is a stone staircase leading up here.
r - an amulet of reflection You now have 84 gold pieces (gained 10).
Found 2 boomerangs.
You see here 2 boomerangs.
Found a stone staircase leading down.
You now have 95 gold pieces (gained 11).
You open the door.
There is an open door here.
Found a stone staircase leading up.
You now have 109 gold pieces (gained 14).
Found a stone staircase leading down.
There is a stone staircase leading down here.
As you open the door, it creaks loudly!
You enter the shallow water.
Moving in this stuff is going to be slow.
You enter the shallow water.
Moving in this stuff is going to be slow.
Done exploring.
Unknown command.
Done exploring.
Done exploring.
You can't go up here!
Unknown command.
Unknown command.
You enter the shallow water.
Moving in this stuff is going to be slow.
You enter the shallow water.
Moving in this stuff is going to be slow.
There is a stone staircase leading up here.
You climb upwards.
Level annotation: 1 runed translucent door
There is a stone staircase leading down here.
There is an open door here.
There is a staircase leading out of the dungeon here.
You have escaped!

.# #.# #.# .# #.# #.######
## #.####......####
#...#######....#
##########.#.#######.##.##
.........................#
#####.##.###'#######+###.#
#.##.#..⌠...>...⌠..#.#
#.##.#......@......#.#
#.#..+⌠....###....⌠'.#
#####.#..#.............#.#
.........#######+#######.#
#####.##.#
....wh.BhwB.#.##
#....#.........w.B?#[.#
##.#.#.......hB....#..#
#...###############..#
##...................#


You could see a giant cockroach (wandering).

Vanquished Creatures
  2 dart slugs (D:1)
  3 ball pythons (D:1)
  An endoplasm (D:1)
  2 giant cockroaches (D:1)
  A goblin (D:1)
  3 hobgoblins
  2 kobolds (D:1)
  2 quokkas (D:1)
  4 bats
  A frilled lizard (D:2)
  A rat (D:1)
22 creatures vanquished.

Notes
Turn   | Place    | Note
-------+----------+-------------------------------------------
     0 | D:1      | Maffolandro the Human Wanderer began the quest for the Orb.
     0 | D:1      | Maffolandro set off with the following items: a +0 dagger,
                  | a +0 buckler, a scroll of blinking, a +0 robe, a potion of
                  | mutation; and the following spell memorised: Shock; and the
                  | following spells available to memorise: Static Discharge,
                  | Cigotuvi's Dreadful Rot.
     0 | D:1      | Reached XP level 1. HP: 13/13 MP: 2/2
     3 | D:1      | Found a runed translucent door.
    62 | D:1      | Reached skill level 1 in Conjurations
   298 | D:1      | Reached XP level 2. HP: 19/19 MP: 1/3
   303 | D:1      | Learned a level 2 spell: Static Discharge
   356 | D:1      | Found Wepho's Distillery.
   531 | D:1      | Found Buoczon's Antique Armour Emporium.
   609 | D:1      | Found Wydek's Magic Scroll Shop.
   619 | D:1      | Bought a scroll of teleportation for 42 gold pieces
   657 | D:1      | Reached XP level 3. HP: 24/24 MP: 2/4
   717 | D:1      | Found Zaiw's Jewellery Shop.
  1941 | D:$      | Got out of the dungeon alive.

Illustrated notes

Levels and vault maps discovered:
D:1:      dpeg_arrival_caged_fury, layout_loops_ring, serial_shops,
          nicolae_shop_trees, nicolae_shop_tiny_statue_garden,
          nicolae_shop_gibbet_a_chance, shop, minmay_pentomino_w2
D:2:      wad_lake_hut, layout_basic

Skill      XL: |  1  2 |
---------------+-------+-----
Conjurations   | 1 2 |  2.7
Armour         | |  1.0
Stealth        | |  1.0
Shields        | |  2.0
Spellcasting   | |  1.0
Air Magic      | |  5.0

Action                     || total
---------------------------++-------
  Melee: Dagger            ||    20
   Cast: Shock             ||    28
   Stab: Sleeping          ||     4
 Armour: Robe              ||    16
  Dodge: Dodged            ||    13
